 Dungeon Crawl Stone Soup version 0.30.0-29-ga12c61a403 (webtiles) character file.

Game seed: 14460722715208879968

3713 AgateBread the Spear-Bearer (level 10, -11/85 HPs)
             Began as a Merfolk Fighter on June 24, 2023.
             Mangled by a red ugly thing (16 damage)
             ... on level 8 of the Dungeon.
             The game lasted 00:39:55 (8489 turns).

AgateBread the Spear-Bearer (Merfolk Fighter)       Turns: 8489, Time: 00:39:58

Health: -11/85     AC: 26    Str: 20    XL:     10   Next: 14%
Magic:  10/10      EV:  4    Int:  8    God:
Gold:   29         SH:  0    Dex: 14    Spells: 9/9 levels left

rFire   . . .        p - +0 demon trident (elec)
rCold   . . .        r - +0 kite shield
rNeg    + . .        P - +9 plate armour of the Ecumenical Temple {rElec}
rPois   .            (no helmet)
rElec   +            v - +2 cloak
rCorr   .            (no gloves)
SInv    .            O - +2 pair of boots {rampage}
Will    +....        m - amulet of reflection Stlth
                     n - ring of willpower
HPRegen 0.34/turn    M - ring of positive energy
MPRegen 0.12/turn

%: reflection, rampage
@: confused, brilliant, ambrosia-drunk, hasted, invisible, very quick
A: (nimble swimmer 2), mertail
a: no special abilities


You were on level 8 of the Dungeon.
You visited 2 branches of the dungeon, and saw 9 of its levels.

You collected 1541 gold pieces.
You spent 1512 gold pieces at shops.

Inventory:

Hand Weapons
 p - a +0 demon trident of electrocution (weapon)
 C - a +4 hand axe
 D - a +2 trident of protection
Missiles
 o - 8 boomerangs
 w - 7 poisoned darts (quivered)
 F - a silver boomerang
Armour
 c - a +0 buckler
 j - +1 swamp dragon scales
 r - a +0 kite shield (worn)
 v - a +2 cloak (worn)
 O - a +2 pair of boots of rampaging (worn)
 P - the +9 plate armour of the Ecumenical Temple (worn) {rElec}
   (You bought it in a shop on level 2 of the Dungeon)

   rElec:     It insulates you from electricity.
Magical Staves
 e - a staff of death
 h - a staff of earth
 t - a staff of air
Jewellery
 m - an amulet of reflection (around neck)
 n - a ring of willpower (left hand)
 K - a ring of wizardry
 M - a ring of positive energy (right hand)
Wands
 g - a wand of charming (6)
Scrolls
 b - 2 scrolls of enchant armour
 d - a scroll of identify
 B - a scroll of magic mapping
 E - a scroll of amnesia
Potions
 a - a potion of invisibility
 f - 5 potions of lignification
 k - 7 potions of curing
 q - a potion of mutation
 s - a potion of attraction
 z - a potion of degeneration {unknown}
 A - a potion of berserk rage {unknown}


   Skills:
 - Level 10.0 Fighting
 - Level 14.0 Polearms
 + Level 2.2 Armour
 + Level 5.0 Shields


You had 9 spell levels left.
You didn't know any spells.
Your spell library contained the following spells:

 Spells                   Type           Power      Damage    Failure   Level
 Cigotuvi's Dreadful Rot  Necr/Pois/Air  0%         N/A       100%        2
 Frozen Ramparts          Ice            0%         1d1       100%        3
 Ignite Poison            Fire/Tmut/Pois 0%         N/A       100%        3
 Ozocubu's Armour         Ice            0%         N/A       100%        3
 Ice Form                 Ice/Tmut       0%         N/A       100%        4
 Summon Ice Beast         Ice/Summ       0%         N/A       100%        4
 Freezing Cloud           Conj/Ice/Air   0%         6-21      100%        5
 Ozocubu's Refrigeration  Ice            0%         4d7       100%        7
 Borgnjor's Revivificati  Necr           0%         N/A       100%        8
 Necromutation            Tmut/Necr      0%         N/A       100%        8
 Death's Door             Necr           0%         N/A       100%        9


Dungeon Overview and Level Annotations

Branches:
Dungeon (8/15)             Temple (1/1) D:5
   Lair: D:8-11

Altars:
Ashenzari
Dithmenos
Hepliaklqana
Makhleb
Okawaru
Qazlal
Ru
Sif Muna
Uskayaw
Vehumet
Wu Jian
Xom
Yredelemnul
Zin

Shops:
D:2 [   D:3 !   D:5 [   D:6 (   D:7 *[(!


Innate Abilities, Weirdness & Mutations

((You are very nimble when in or above water. (Stealth+, EV+, Speed+++)))
Your lower body shifts to a powerful aquatic tail in water.


Message History

Press: ? - help, v - describe, . - travel, g - get item Item here: a small tourmaline ring.
The floor.
Okay, then.
You feel yourself speed up.
The cyclops throws a large rock.
The large rock hits you!!
You see here 26 gold pieces.
You hit the centaur warrior.
The centaur warrior is lightly wounded.
The centaur warrior unwields a +0 shortbow.
You block the centaur warrior's attack.
The centaur warrior kicks you but does no damage.
It was a potion of invisibility.
You fade into invisibility!
The red ugly thing stings you but does no damage.
The basilisk gazes at you. You resist with almost no effort.
The white imp gestures at you. The puff of frost hits you!
You barely miss the centaur warrior.
The centaur warrior is lightly wounded.
The centaur warrior hits you but does no damage.
You block the centaur warrior's attack.
Okay, then.
It was a potion of ambrosia.
You are confused.
You feel invigorated. The red ugly thing stings you!
You are engulfed in flames!!
* * * LOW HITPOINT WARNING * * *
The centaur warrior hits you but does no damage.
The centaur warrior kicks you but does no damage.
The basilisk bites you but does no damage.
It was a potion of brilliance.
You feel clever all of a sudden. The centaur warrior barely misses you.
The centaur warrior kicks you but does no damage.
The red ugly thing stings you.
* * * LOW HITPOINT WARNING * * *
You are engulfed in flames!
You die...

####### ....... ####
....... .##..### .......
#####..#....###......
##$$l##.#......###....
#!:Cu@#.#...#)...###..
#.!:(c#.#..###))...'##
#.5$?/#....#.....###..
### #
#...$##........###....
..###
#.u#####....[..###......
....###
##..Vu..{##..###......##
.Z<.).# #..9#########
....... ........##.#$#
....### ..O......# #.
....


You could see 2 ugly things, a centaur warrior (unable to see you), a cyclops
(unable to see you), a basilisk (unable to see you) and a white imp (unable to
see you).

Vanquished Creatures
  Pikel (D:5)
  Joseph (D:7)
  Maggie (D:7)
  A troll (D:7)
  A water moccasin (D:6)
  2 ice beasts
  2 orc warriors
  2 sky beasts (D:7)
  2 centaurs
  An ogre (D:5)
  2 lemures (D:4)
  2 phantoms
  5 bullfrogs
  A scorpion (D:4)
  A gnoll sergeant (D:8)
  6 wights
  2 howler monkeys
  A lava snake (D:7)
  2 orc priests
  A gnoll bouda (D:7)
  A jelly (D:4)
  Crazy Yiuf (D:5)
  2 hounds (D:5)
  A sleepcap (D:5)
  2 iguanas
  3 orc wizards
  7 gnolls (D:7)
  7 adders
  3 worms
  A dart slug (D:3)
  20 orcs
  6 endoplasms
  A giant cockroach (D:2)
  3 goblins
  6 hobgoblins
  2 jackals (D:3)
  2 quokkas (D:2)
  7 ball pythons
  5 bats
  5 frilled lizards
  7 kobolds
  4 rats
133 creatures vanquished.

Notes
Turn   | Place    | Note
-------+----------+-------------------------------------------
     0 | D:1      | AgateBread the Merfolk Fighter began the quest for the Orb.
     0 | D:1      | Reached XP level 1. HP: 18/18 MP: 1/1
   288 | D:1      | Reached skill level 3 in Polearms
   288 | D:1      | Reached XP level 2. HP: 14/24 MP: 2/2
  1147 | D:2      | Found Usisin's Armour Boutique.
  1188 | D:2      | Found a faded altar of an unknown god.
  1350 | D:2      | Reached XP level 3. HP: 30/30 MP: 3/3
  1918 | D:3      | Found Ramethr Tism's Distillery.
  2020 | D:3      | Reached XP level 4. HP: 35/37 MP: 4/4
  2059 | D:3      | Reached skill level 4 in Polearms
  2480 | D:4      | Noticed a phantom
  2505 | D:3      | Killed a phantom
  2506 | D:3      | Reached XP level 5. HP: 33/43 MP: 5/5
  3359 | D:4      | Reached skill level 5 in Polearms
  3455 | D:4      | Reached XP level 6. HP: 50/50 MP: 6/6
  3648 | D:4      | Reached skill level 5 in Fighting
  3894 | D:5      | Entered Level 5 of the Dungeon
  4207 | D:5      | Found a staircase to the Ecumenical Temple.
  4219 | Temple   | Entered the Ecumenical Temple
  4363 | D:5      | Found Vinonlye's Armour Emporium.
  4659 | D:5      | Bought a +0 cloak for 63 gold pieces
  4689 | D:5      | Found a runed translucent door.
  4691 | D:5      | Noticed Crazy Yiuf
  4706 | D:5      | Killed Crazy Yiuf
  4707 | D:5      | Reached skill level 5 in Shields
  4707 | D:5      | Reached XP level 7. HP: 29/56 MP: 2/7
  4856 | D:5      | Noticed Pikel
  5153 | D:4      | Reached skill level 6 in Polearms
  5783 | D:6      | Reached skill level 7 in Polearms
  5999 | D:6      | Found Xuxeq's Weapon Emporium.
  6015 | D:6      | Reached XP level 8. HP: 39/67 MP: 8/8
  6180 | D:6      | Reached skill level 8 in Polearms
  6357 | D:6      | Identified 2 scrolls of acquirement
  6357 | D:6      | Acquired 1191 gold pieces
  6590 | D:5      | Killed Pikel
  6591 | D:5      | Reached skill level 9 in Polearms
  6591 | D:5      | Reached XP level 9. HP: 75/75 MP: 9/9
  6667 | D:2      | Acquired a +0 demon trident of electrocution
  6675 | D:2      | Bought a +2 pair of boots of rampaging for 301 gold pieces
  6675 | D:2      | Bought the +9 plate armour of the Ecumenical Temple {rElec}
                  | for 1148 gold pieces
  7182 | D:7      | Reached skill level 10 in Polearms
  7271 | D:7      | Noticed Joseph
  7279 | D:7      | Killed Joseph
  7332 | D:7      | Found Nafasm's Distillery.
  7354 | D:7      | Noticed Maggie
  7369 | D:7      | Killed Maggie
  7370 | D:7      | Reached skill level 11 in Polearms
  7375 | D:7      | Reached skill level 10 in Fighting
  7618 | D:7      | Found Boavaonn's Antique Armour Shoppe.
  7619 | D:7      | Found Welaroaz's Assorted Antiques.
  7620 | D:7      | Found Ceopno Xexze's Weapon Shoppe.
  7623 | D:7      | Reached skill level 12 in Polearms
  7692 | D:7      | Noticed a troll
  7702 | D:7      | Killed a troll
  7703 | D:7      | Reached skill level 13 in Polearms
  7703 | D:7      | Reached XP level 10. HP: 65/85 MP: 10/10
  8367 | D:8      | Noticed a two-headed ogre
  8452 | D:8      | Reached skill level 14 in Polearms
  8474 | D:8      | Noticed a gargoyle
  8476 | D:8      | Noticed a red ugly thing
  8482 | D:8      | Noticed a cyclops
  8482 | D:8      | Noticed a red ugly thing
  8482 | D:8      | Noticed a centaur warrior
  8489 | D:8      | Mangled by a red ugly thing

Illustrated notes

Levels and vault maps discovered:
D:1:      grunt_arrival_crossed_arrows, layout_basic, nrook_loot_triangle
D:2:      layout_loops_cross, ebering_ecumenical_altar_petrified, serial_shops,
          nicolae_shop_hallway_plus
D:3:      layout_basic, serial_shops, shop
D:4:      layout_cave_pods
D:5:      layout_cave_pools, temple_fountains, serial_shops, shop, uniq_pikel,
          uniq_crazy_yiuf_cottage
D:6:      layout_rooms, serial_shops, shop_fountains
D:7:      layout_basic, serial_shops, shop, minmay_misc_feat_pillars,
          chequers_serial_rivers_room_b, serial_park_tiny_pond,
          nicolae_shop_distant_corner_stores, kennysheep_small_spiral,
          uniq_maggie, uniq_joseph
D:8:      minmay_the_grid_four_pointed_star
          [minmay_the_grid_triangle_9x9_stretched_checkered,
          minmay_the_grid_triangle_9x9_wacky_v,
          minmay_the_grid_triangle_9x9_from_above,
          minmay_the_grid_triangle_9x9_pentomino_pain,
          minmay_the_grid_prize_inner_circle], layout_rooms,
          trog_three_pillars_becter, serial_undead, serial_undead_f,
          serial_undead_c, serial_undead_f, serial_undead_d, serial_undead_b,
          serial_undead_b, serial_undead_e, serial_undead_f,
          grunt_decor_clamped, uniq_grum
Temple:   nicolae_temple_superstar

Skill      XL: |  1  2  3  4  5  6  7  8  9 10 |
---------------+-------------------------------+-----
Polearms       | 3 4 5 7 9 13 14 | 14.0
Fighting       | 4 5 7 8 10 | 10.0
Shields        | 4 5 |  5.0
Armour         | |  2.2

Action                     |  1- 3 |  4- 6 |  7- 9 | 10-12 || total
---------------------------+-------+-------+-------+-------++-------
  Melee: Trident           |   123 |   182 |   134 |       ||   439
         Demon trident     |       |       |    73 |    29 ||   102
  Throw: Boomerang         |       |     7 |     1 |       ||     8
         Dart              |       |       |     8 |       ||     8
  Evoke: Wand              |       |       |     7 |       ||     7
    Use: Scroll            |       |     5 |    14 |     1 ||    20
         Potion            |       |     1 |     3 |     4 ||     8
 Armour: Scale mail        |    38 |    54 |    13 |       ||   105
         Chain mail        |       |       |    44 |       ||    44
         Plate armour      |       |       |    22 |    25 ||    47
  Dodge: Dodged            |    32 |    34 |    35 |     3 ||   104
  Block: Buckler           |    26 |       |       |       ||    26
         Reflection        |     2 |     2 |     7 |     2 ||    13
         Kite shield       |    33 |   146 |   112 |    19 ||   310
